 Dungeon Crawl Stone Soup version 0.29.1-12-g30fa7ad0bf (webtiles) character file.

Game seed: 14731346229300755607

553 MisterFreud the Twirler (level 7, -4/54 HPs)
             Began as a Formicid Gladiator on Jan 6, 2023.
             Slain by a kobold brigand
             ... wielding a +2 whip of distortion
              (18 damage)
             ... on level 4 of the Dungeon.
             The game lasted 00:04:08 (5034 turns).

MisterFreud the Twirler (Formicid Gladiator)        Turns: 5034, Time: 00:04:12

Health: -4/54      AC:  3    Str: 21    XL:     7   Next: 55%
Magic:  7/7        EV: 12    Int:  7    God:
Gold:   253        SH:  5    Dex: 15    Spells: 6/6 levels left

rFire   . . .      SeeInvis +   a - +1 quarterstaff (spect)
rCold   . . .      Faith    .   e - +0 buckler
rNeg    . . .      Spirit   .   b - +0 leather armour
rPois   .          Reflect  .   (helmet unavailable)
rElec   .          Harm     .   (no cloak)
rCorr   .          Rampage  .   (no gloves)
Will    .....                   (no boots)
Stlth   +.........              (no amulet)
HPRegen 0.18/turn               o - +4 ring of slaying
MPRegen 0.10/turn               (no ring)

@: no status effects
A: permanent stasis, dig shafts and tunnels, antennae 3, four strong arms
a: Dig, Shaft Self


You were on level 4 of the Dungeon.
You visited 1 branch of the dungeon, and saw 4 of its levels.

You collected 293 gold pieces.
You spent 40 gold pieces at shops.

Inventory:

Hand Weapons
 a - a +1 spectral quarterstaff (weapon)
Missiles
 c - 3 throwing nets (quivered)
 d - a javelin
 m - 6 boomerangs
Armour
 b - a +0 leather armour (worn)
 e - a +0 buckler (worn)
 f - a +1 kite shield
Jewellery
 k - a ring of fire
 o - a +4 ring of slaying (left hand)
 u - a ring of flight
Wands
 j - a wand of flame (5)
 s - a wand of polymorph (10)
Scrolls
 l - a scroll of fear
Potions
 g - 2 potions of flight
 h - 3 potions of curing
 i - a potion of lignification
 n - a potion of invisibility
 p - 2 potions of mutation
 r - a potion of attraction


   Skills:
 + Level 4.0 Fighting
 - Level 6.0 Staves
 - Level 2.0 Throwing
 + Level 3.1 Armour
 - Level 2.6 Dodging
 - Level 4.0 Shields


You had 6 spell levels left.
You didn't know any spells.
Your spell library contained the following spells:

 Spells                   Type           Power      Damage    Failure   Level
 Summon Small Mammal      Summ           0%         N/A       54%         1
 Ensorcelled Hibernation  Hex/Ice        0%         N/A       69%         2
 Passwall                 Tmut/Erth      0%         N/A       69%         2
 Sublimation of Blood     Necr           0%         N/A       69%         2
 Wereblood                Tmut           0%         N/A       69%         2
 Call Canine Familiar     Summ           0%         N/A       89%         3
 Summon Guardian Golem    Hex/Summ       0%         N/A       89%         3
 Corpse Rot               Necr/Pois/Air  0%         N/A       100%        4
 Dispel Undead            Necr           0%         3d6       100%        4
 Death Channel            Necr           0%         N/A       100%        6
 Summon Hydra             Summ           0%         N/A       100%        7
 Swiftness                Air            Unusable   N/A       N/A         3

Dungeon Overview and Level Annotations

Branches:
Dungeon (4/15)
 Temple: D:4-7

Altars:
Hepliaklqana
Uskayaw
Wu Jian

Shops:
D:3 (   D:4 *

Annotations:
D:4 1 transporter


Innate Abilities, Weirdness & Mutations

You cannot be hasted, slowed, berserked, paralysed or teleported.
You can dig through walls and to a lower floor.
You have a pair of large antennae on your head. (SInv)
Your four strong arms can wield two-handed weapons with a shield.


Message History

The shadow imp shouts, "Scamper home, thou cockered nut-hook mammet!"
Something shouts, "Go and return not, thou bawdy motley-minded measle!"
You hear a shout!
You barely miss the shadow imp.
Your +1 spectral quarterstaff hits the shadow imp!
You kill the shadow imp!
Poussin's ghost turns its malevolent gaze towards you.
Poussin's ghost misses you.
You hit Poussin's ghost.
Poussin's ghost is lightly damaged.
Your +1 spectral quarterstaff hits Poussin's ghost!
Poussin's ghost hits you!
You barely miss Poussin's ghost.
Poussin's ghost is moderately damaged.
Your +1 spectral quarterstaff hits Poussin's ghost.
You block Poussin's ghost's attack.
You completely miss Poussin's ghost.
Poussin's ghost is heavily damaged.
Your +1 spectral quarterstaff hits Poussin's ghost!
The kobold brigand hits you but does no damage.
Space warps horribly around you! Poussin's ghost hits you.
You hit Poussin's ghost but do no damage.
Poussin's ghost is severely damaged.
Your +1 spectral quarterstaff hits Poussin's ghost!
You destroy Poussin's ghost!
The kobold brigand hits you with a +2 whip of distortion.
* * * LOW HITPOINT WARNING * * *
Your Fighting skill increases to level 4!
Your Armour skill increases to level 3!
Unknown command.
Unknown command.
Okay, then.
Unknown command.
You sock the kobold brigand!
The kobold brigand is moderately wounded.
Your +1 spectral quarterstaff hits the kobold brigand!
The kobold brigand hits you with a +2 whip of distortion.
* * * LOW HITPOINT WARNING * * *
Space warps horribly around you!!
You die...

#.....#.......#
#.............############
####.....................#####
#..........................
#......###..###............
#.....##.####.##.###.......
#.....#.#.##...###.#.....?.
##....#©.#(.###..#.#.......
#...##.#.@K..#.#.##.......
#..##.#^###.#..# #........
#..##...#.##5# ##........
#...##.##..#©#.##....###..
#####....###..##...#.....##..#
#....[........#.^..#..........
#.###........##.#..###...##.##
###.# #....#####
.$.#..#......## #...#
#...#####{{### #.##.......


You could see a kobold brigand, an iron imp and a friendly +1 spectral
quarterstaff (summoned).

Vanquished Creatures
  The ghost of Poussin the Shield-Bearer, an amateur TrFi (D:4)
  A black bear (D:4)
  A small abomination (D:4)
  2 hounds (D:4)
  2 orc priests (D:3)
  An orc wizard (D:3)
  An adder (D:4)
  A shadow imp (D:4)
  An ufetubus (D:4)
  2 worms
  3 dart slugs
  11 orcs
  6 ball pythons
  9 endoplasms
  4 giant cockroaches
  8 goblins
  6 hobgoblins
  4 jackals (D:1)
  10 kobolds
  2 quokkas (D:1)
  6 bats
  6 frilled lizards
  8 rats
96 creatures vanquished.

Notes
Turn   | Place    | Note
-------+----------+-------------------------------------------
     0 | D:1      | MisterFreud the Formicid Gladiator began the quest for the
                  | Orb.
     0 | D:1      | Reached XP level 1. HP: 16/16 MP: 1/1
   267 | D:1      | Reached XP level 2. HP: 19/22 MP: 2/2
   742 | D:1      | Reached skill level 1 in Shields
   744 | D:1      | Reached XP level 3. HP: 25/27 MP: 3/3
   958 | D:1      | Reached skill level 4 in Staves
  1009 | D:1      | Found a faded altar of an unknown god.
  1909 | D:2      | Reached XP level 4. HP: 33/33 MP: 4/4
  2732 | D:3      | Noticed a +0 dagger
  2732 | D:3      | Noticed a +0 dagger
  2732 | D:3      | Found a hide-covered altar of Uskayaw.
  2869 | D:3      | Reached XP level 5. HP: 38/38 MP: 5/5
  2948 | D:3      | You fall into a shaft and drop 1 floor!
  3093 | D:4      | Noticed a black bear
  3107 | D:4      | HP: 1/57 [black bear (6)]
  3108 | D:4      | Killed a black bear
  3109 | D:4      | Reached skill level 5 in Staves
  3109 | D:4      | Reached XP level 6. HP: 1/44 MP: 6/6
  3484 | D:3      | Reached skill level 6 in Staves
  3988 | D:3      | Identified the +1 robe of the Enormous God {rC- rCorr
                  | Str+5}
  4072 | D:3      | Found Gyroll's Antique Weapon Shop.
  4463 | D:4      | Found a hazy altar of Hepliaklqana.
  4497 | D:4      | Reached skill level 1 in Armour
  4552 | D:4      | Found a transporter.
  4557 | D:4      | Noticed a small abomination
  4577 | D:4      | Noticed Poussin's ghost (amateur TrFi)
  4584 | D:4      | Found a transporter.
  4646 | D:4      | Found an ornate altar of the Wu Jian Council.
  4762 | D:4      | Reached XP level 7. HP: 51/51 MP: 7/7
  4885 | D:4      | Found Irchi Ral's General Store.
  4896 | D:4      | Bought a scroll of fear for 40 gold pieces
  5033 | D:4      | Killed Poussin's ghost
  5034 | D:4      | Slain by a kobold brigand

Illustrated notes

Levels and vault maps discovered:
D:1:      nzn_arrival_water_spiral, layout_loops_corners,
          hellmonk_ecumenical_altar_crossroads, hangedman_abyss_or_decor_stabs,
          minmay_indecisive_spiral
D:2:      layout_basic, minmay_quadrilaterals
D:3:      layout_basic, dancing_weapons_uskayaw, serial_shops,
          nicolae_shop_window_shopping, minivault_14, minmay_close_crescents
D:4:      layout_basic, mainiacjoe_overflow_six_doors_small, lemuel_round_altar,
          gammafunk_ghost_abyssal_escape, serial_shops, nicolae_lakefront_shop

Skill      XL: |  1  2  3  4  5  6  7 |
---------------+----------------------+-----
Shields        | 1 2 3 4 |  4.0
Staves         | 4 5 6 |  6.0
Armour         | 1 3 |  3.1
Fighting       | 4 |  4.0
Throwing       | |  2.0
Dodging        | |  2.6

Action                   |  1- 3 |  4- 6 |  7- 9 || total
-------------------------+-------+-------+-------++-------
Melee: Quarterstaff      |   100 |   100 |    11 ||   211
       Punch             |     1 |       |       ||     1
 Abil: Shaft Self        |       |     1 |       ||     1
  Use: Scroll            |     3 |     8 |     4 ||    15
       Potion            |       |     1 |       ||     1
 Stab: Sleeping          |     3 |       |       ||     3
       Distracted        |       |     1 |       ||     1
Armor: Leather armour    |    24 |    17 |     2 ||    43
       Skin              |       |     5 |       ||     5
Dodge: Dodged            |    58 |    39 |     6 ||   103
Block: Buckler           |    13 |    15 |     2 ||    30
